 Dungeon Crawl Stone Soup version 0.19.0-2-gae57169 (webtiles) character file.

72 dvd the Stinger (level 4, 0/27 HPs)
             Began as an Octopode Venom Mage on Nov 5, 2016.
             Was a Follower of Kikubaaqudgha.
             Slain by an ooze (5 damage)
             ... on level 1 of the Dungeon.
             The game lasted 00:05:40 (2272 turns).

dvd the Stinger (Octopode Venom Mage)               Turns: 2272, Time: 00:05:41

Health: 0/27       AC:  1    Str:  7    XL:     4   Next: 25%
Magic:  4/7        EV: 13    Int: 18    God:    Kikubaaqudgha [*.....]
Gold:   63         SH:  0    Dex: 12    Spells: 3 memorised, 1 level left

rFire  . . .     SeeInvis .     k - +0 dagger
rCold  . . .     Gourm    .     (no shield)
rNeg   . . .     Faith    .     (helmet restricted)
rPois  .         Spirit   .     (no amulet)
rElec  .         Reflect  .     (no ring)
rCorr  .         Harm     .     (no ring)
MR     .....                    (no ring)
Stlth  +++.......               (no ring)
                                (no ring)
                                (no ring)
                                (no ring)
                                (no ring)

@: no status effects
A: almost no armour, stealthy swim, amphibious, 8 rings, constrict 8, camouflage
1, gelatinous body 1
a: Receive Corpses, Renounce Religion


You were on level 1 of the Dungeon.
You worshipped Kikubaaqudgha.
Kikubaaqudgha was aware of your devotion.
You were not hungry.

You visited 1 branch of the dungeon, and saw 2 of its levels.

You collected 63 gold pieces.

Inventory:

Hand Weapons
 k - a +0 dagger (weapon)
Missiles
 o - 7 javelins (quivered)
Wands
 p - a wand of lightning (2/15)
Scrolls
 e - a scroll of blinking {unknown}
 g - a scroll of immolation {unknown}
 h - 2 scrolls of identify
 n - 3 scrolls of remove curse {unknown}
 q - a scroll of enchant armour {unknown}
Potions
 c - a potion of heal wounds {unknown}
 d - a potion of flight {unknown}
 i - a potion of curing
 j - a potion of brilliance {unknown}
 m - a potion of might {unknown}
Books
 a - a Young Poisoner's Handbook

   Spells                             Type                      Level
   a - Sting                          Conjuration/Poison           1
   b - Mephitic Cloud                 Conjuration/Poison/Air       3
   c - Olgreb's Toxic Radiance        Poison                       4
   d - Alistair's Intoxication        Transmutation/Poison         5
   e - Venom Bolt                     Conjuration/Poison           5
 r - Kikubaaqudgha's Reference Book on Sinister Rites
   (Kikubaaqudgha gifted it to you on level 2 of the Dungeon)

   Spells                             Type                      Level
   a - Pain                           Necromancy                   1
   b - Corpse Rot                     Necromancy                   2
   c - Sublimation of Blood           Necromancy                   2
   d - Vampiric Draining              Necromancy                   3
   e - Control Undead                 Necromancy                   4
Comestibles
 b - a bread ration
 f - 4 fruits
 l - a meat ration


   Skills:
 + Level 0.4 Short Blades
 + Level 2.3 Dodging
 + Level 3.5 Stealth
 + Level 2.4 Spellcasting
 + Level 0.6 Conjurations
 + Level 5.7 Poison Magic


You had one spell level left.
You knew the following spells:

 Your Spells              Type           Power        Failure   Level  Hunger
a - Sting                 Conj/Pois      ##..         6%          1    #......
b - Pain                  Necr           #...         17%         1    #......
c - Olgreb's Toxic Radia  Pois           ###.....     21%         4    #####..


Dungeon Overview and Level Annotations

Branches:
Dungeon (2/15)

Altars:
Hepliaklqana
Kikubaaqudgha


Innate Abilities, Weirdness & Mutations

You cannot wear most types of armour.
You are very stealthy in the water. (Stealth+)
You are amphibious.
You can wear up to eight rings at the same time.
You can use your tentacles to constrict eight enemies at once.
Your skin changes colour to match your surroundings (Stealth+).
Your rubbery body absorbs attacks. (AC +1, EV +1)


Message History

Confirm with . or Enter, or press ? or * to list all spells.
Aiming: Sting
Press: ? - help, Shift-Dir - straight line, f/p - ooze
Aim: an ooze (heavily wounded)
The sting hits the ooze.
The ooze appears unharmed.
The ooze is heavily wounded.
You hit the ooze but do no damage. You squeeze the ooze.
The ooze is severely wounded.
The ooze barely misses you.
You hit the ooze but do no damage.
The ooze is severely wounded.
The ooze barely misses you.
You hit the ooze but do no damage.
The ooze is severely wounded.
The ooze misses you.
You hit the ooze.
The ooze is severely wounded.
The ooze hits you.
You die...
Kikubaaqudgha rasps: "You have failed me!
Welcome... death!"

#.# ##.#.<.#.###########
##.####.#.#.#.#.##
#....#.###.#.###.##
#..#..## ##.## ##.#
#.....# ##.#.####.#
#.###.###.###.#...# ###
#.....##.#####...## ##.##
#.................####...#
#....[...@J.......'.......
#....####.........####...#
#>#.## ##.......## ##.##
#.### ##.....## ####
####.##### ##...## ##
#........# ##'## #.
#.##.###.# ####.##### #.
#.##.###.####†.......# #.
#.##.................# #.


You could see an ooze.

Vanquished Creatures
  3 adders (D:2)
  A dart slug (D:1)
  2 leopard geckos
  6 bats
  3 giant cockroaches
  7 goblins
  4 hobgoblins
  5 jackals
  2 kobolds
  3 frilled lizards
  A rat (D:2)
37 creatures vanquished.

Notes
Turn   | Place    | Note
-------+----------+-------------------------------------------
     0 | D:1      | dvd the Octopode Venom Mage began the quest for the Orb.
     0 | D:1      | Reached XP level 1. HP: 11/11 MP: 3/3
   285 | D:1      | Reached skill level 5 in Poison Magic
   286 | D:1      | Reached XP level 2. HP: 17/17 MP: 0/5
  1029 | D:1      | Reached XP level 3. HP: 21/21 MP: 2/6
  1441 | D:2      | Found a faded altar of an unknown god.
  1461 | D:2      | Became a worshipper of Kikubaaqudgha
  1461 | D:2      | Reached * piety under Kikubaaqudgha
  1461 | D:2      | Identified Kikubaaqudgha's Reference Book on Sinister Rites (Kikubaaqudgha gifted it to you on level 2 of the Dungeon)
  1461 | D:2      | Received a gift from Kikubaaqudgha
  1546 | D:2      | Learned a level 1 spell: Pain
  1633 | D:2      | Found a hazy altar of Hepliaklqana.
  1927 | D:2      | Reached XP level 4. HP: 22/27 MP: 4/7
  2029 | D:2      | Learned a level 4 spell: Olgreb's Toxic Radiance
  2272 | D:1      | Slain by an ooze

Skill      XL: |  1 |
---------------+----+-----
Stealth        | 3 |  3.5
Poison Magic   | 5 |  5.7
Short Blades   | |  0.4
Dodging        | |  2.3
Spellcasting   | |  2.4
Conjurations   | |  0.6

Action                   |  1- 3 |  4- 6 || total
-------------------------+-------+-------++-------
Melee: Unarmed           |     2 |       ||     2
       Dagger            |    20 |    22 ||    42
       Constrict         |     6 |     2 ||     8
       Tentacles         |     1 |     2 ||     3
 Cast: Sting             |    49 |    11 ||    60
       Pain              |     2 |     8 ||    10
Evoke: Wand              |     2 |       ||     2
  Use: Scroll            |     1 |       ||     1
       Potion            |     1 |       ||     1
 Stab: Sleeping          |     2 |       ||     2
  Eat: Chunk             |     4 |     1 ||     5
Armor: Skin              |     1 |     1 ||     2
Dodge: Dodged            |    15 |    19 ||    34
